| TOP OF THE 1ST |
|
Tri-City Dust Devils batting - Pitching for Eugene Emeralds : LHP Jerry Tyson
|
|
Pitching: LHP Jerry Tyson
|
|
|
Batting: RHB Ben Hoffman
|
0-0: Ball 1-0: Called Strike 1-1: Ball 2-1: Ball 3-1: Base on Balls
|
|
Batting: SHB Cesar Arteaga
|
0-0: Swinging Strike Ben Hoffman steals 2nd base 0-1: Ball 1-1: Foul Ball, location: 2F 1-2: Ball 2-2: Foul Ball, location: 2F 2-2: Ground out 5-3 (Groundball, 56, EV 87.5 MPH)
|
|
Batting: RHB Yuusei Narita
|
0-0: Reached on error, E5 (Groundball, 56S, EV 80.0 MPH) Ben Hoffman to third
|
|
Batting: RHB Ken Hahn
|
0-0: Swinging Strike 0-1: Called Strike 0-2: Strikes out swinging
|
|
Batting: LHB Justin Rankin
|
0-0: Hit by Pitch Yuusei Narita to second
|
|
Batting: RHB Victor Contreras
|
0-0: Ball 1-0: Ground out 1-3 (Groundball, 15, EV 63.8 MPH)
|
| Top of the 1st over - 0 runs, 0 hits, 1 error, 3 left on base; Tri-City 0 - Eugene 0 |
| BOTTOM OF THE 1ST |
|
Eugene Emeralds batting - Pitching for Tri-City Dust Devils : LHP David French
|
|
Pitching: LHP David French
|
|
|
Batting: RHB Hugo Torrez
|
0-0: Ball 1-0: Ball 2-0: Ball 3-0: Base on Balls
|
|
Batting: RHB Dustin Goldsborough
|
0-0: Fielders Choice at 2nd, 4-6 (Groundball, 4, EV 100.6 MPH)
|
|
Batting: RHB Jorge Lagunas
|
0-0: Ball 1-0: Ball 2-0: Ball 3-0: Called Strike 3-1: Fielders Choice at 2nd, 1-6 (Groundball, 13S, EV 69.4 MPH)
|
|
Batting: RHB Bartolo Aguilar
|
0-0: Fielders Choice at 2nd, 6-4 (Groundball, 6, EV 85.6 MPH)
|
| Bottom of the 1st over - 0 runs, 0 hits, 0 errors, 1 left on base; Tri-City 0 - Eugene 0 |
| TOP OF THE 2ND |
|
Tri-City Dust Devils batting - Pitching for Eugene Emeralds : LHP Jerry Tyson
|
|
Batting: RHB Joel Vazquez
|
0-0: Foul Ball, location: 2F 0-1: Ball 1-1: Ball 2-1: Foul Ball, location: 2F 2-2: Foul Ball, location: 2F 2-2: Strikes out looking
|
|
Batting: RHB Pleun Smit
|
0-0: Foul Ball, location: 2F 0-1: Called Strike 0-2: Ball 1-2: Foul Ball, location: 2F 1-2: Foul Ball, location: 2F 1-2: Ball 2-2: Ball 3-2: Ground out 5-3 (Groundball, 56, EV 103.8 MPH)
|
|
Batting: LHB Paul Collins
|
0-0: Called Strike 0-1: Ball 1-1: Foul Ball, location: 2F 1-2: Ball 2-2: Ball 3-2: Strikes out looking
|
| Top of the 2nd over - 0 runs, 0 hits, 0 errors, 0 left on base; Tri-City 0 - Eugene 0 |
| BOTTOM OF THE 2ND |
|
Eugene Emeralds batting - Pitching for Tri-City Dust Devils : LHP David French
|
|
Batting: RHB Mike Larson
|
0-0: Swinging Strike 0-1: Foul Ball, location: 2F 0-2: Strikes out swinging
|
|
Batting: RHB T.J. Garrison
|
0-0: Foul Ball, location: 2F 0-1: Foul Ball, location: 2F 0-2: Foul Ball, location: 2F 0-2: Fly out, F8 (Flyball, 8RXD, EV 101.9 MPH)
|
|
Batting: RHB Juan Lira
|
0-0: Ball 1-0: Foul Ball, location: 2F 1-1: Called Strike 1-2: Foul Ball, location: 2F 1-2: Strikes out swinging
|
| Bottom of the 2nd over - 0 runs, 0 hits, 0 errors, 0 left on base; Tri-City 0 - Eugene 0 |
| TOP OF THE 3RD |
|
Tri-City Dust Devils batting - Pitching for Eugene Emeralds : LHP Jerry Tyson
|
|
Pitching: RHP Brendan Malzone
|
|
|
Batting: RHB Ben Hoffman
|
0-0: Ball 1-0: Ball 2-0: Ball 3-0: Called Strike 3-1: Base on Balls
|
|
Batting: SHB Cesar Arteaga
|
0-0: Ball 1-0: Foul Ball, location: 2F 1-1: Ball Wild Pitch! Ben Hoffman to second 2-1: Fly out, F9 (Flyball, 89M, EV 76.2 MPH)
|
|
Batting: RHB Yuusei Narita
|
0-0: Called Strike 0-1: Ball 1-1: Ball 2-1: Called Strike Ben Hoffman steals 3rd base 2-2: Ball 3-2: Fly out, F7 (Line Drive, 7, EV 99.4 MPH) Runner from 3rd tags up, SCORES, no throw by LF
|
|
Batting: RHB Ken Hahn
|
0-0: Ball 1-0: Foul Ball, location: 2F 1-1: Ball 2-1: Foul Ball, location: 2F 2-2: Fly out, F8 (Flyball, 8RM, EV 85.6 MPH)
|
| Top of the 3rd over - 1 run, 0 hits, 0 errors, 0 left on base; Tri-City 1 - Eugene 0 |
| BOTTOM OF THE 3RD |
|
Eugene Emeralds batting - Pitching for Tri-City Dust Devils : LHP David French
|
|
Batting: RHB Rodolfo Perez
|
0-0: Ball 1-0: Foul Ball, location: 2F 1-1: SINGLE (Groundball, 6MD, EV 100.0 MPH)
|
|
Batting: RHB Gustavo Rodriguez
|
0-0: Ball 1-0: Called Strike 1-1: Called Strike 1-2: Strikes out looking
|
|
Batting: RHB Hugo Torrez
|
0-0: Called Strike 0-1: Called Strike 0-2: Ball 1-2: Strikes out swinging
|
|
Batting: RHB Dustin Goldsborough
|
0-0: Ground out 1-3 (Groundball, 13S, EV 63.1 MPH)
|
| Bottom of the 3rd over - 0 runs, 1 hit, 0 errors, 1 left on base; Tri-City 1 - Eugene 0 |
| TOP OF THE 4TH |
|
Tri-City Dust Devils batting - Pitching for Eugene Emeralds : RHP Brendan Malzone
|
|
Pitching: RHP Jose Mata
|
|
|
Batting: LHB Justin Rankin
|
0-0: Called Strike 0-1: Ball 1-1: Called Strike 1-2: Ball 2-2: Foul Ball, location: 2F 2-2: Strikes out looking
|
|
Batting: RHB Victor Contreras
|
0-0: Ground out 4-3 (Groundball, 4, EV 88.8 MPH)
|
|
Batting: RHB Joel Vazquez
|
0-0: Called Strike 0-1: Foul Ball, location: 2F 0-2: Ball 1-2: Strikes out swinging
|
| Top of the 4th over - 0 runs, 0 hits, 0 errors, 0 left on base; Tri-City 1 - Eugene 0 |
| BOTTOM OF THE 4TH |
|
Eugene Emeralds batting - Pitching for Tri-City Dust Devils : LHP David French
|
|
Batting: RHB Jorge Lagunas
|
0-0: Called Strike 0-1: Swinging Strike 0-2: Ball 1-2: Foul Ball, location: 2F 1-2: Foul Ball, location: 2F 1-2: Foul Ball, location: 2F 1-2: Ball 2-2: Strikes out looking
|
|
Batting: RHB Bartolo Aguilar
|
0-0: Ball 1-0: Swinging Strike 1-1: Ball 2-1: Swinging Strike 2-2: Foul Ball, location: 2F 2-2: Strikes out looking
|
|
Batting: RHB Mike Larson
|
0-0: Swinging Strike 0-1: Swinging Strike 0-2: Ball 1-2: Strikes out looking
|
| Bottom of the 4th over - 0 runs, 0 hits, 0 errors, 0 left on base; Tri-City 1 - Eugene 0 |
| TOP OF THE 5TH |
|
Tri-City Dust Devils batting - Pitching for Eugene Emeralds : RHP Jose Mata
|
|
Batting: RHB Pleun Smit
|
0-0: Ball 1-0: Ground out 6-3 (Groundball, 6D, EV 103.1 MPH)
|
|
Batting: LHB Paul Collins
|
0-0: Called Strike 0-1: Ball 1-1: Ball 2-1: SINGLE (Line Drive, 7S, EV 93.8 MPH)
|
|
Batting: RHB Ben Hoffman
|
0-0: Fly out, F7 (Flyball, 7, EV 90.6 MPH)
|
|
Pitching: RHP Victor de Leon
|
|
|
Batting: SHB Cesar Arteaga
|
0-0: Called Strike 0-1: Foul Ball, location: 2F 0-2: Ball Paul Collins steals 2nd, throwing error, E2 Paul Collins to third 1-2: Ball 2-2: Ground out 6-3 (Groundball, 6, EV 83.1 MPH)
|
| Top of the 5th over - 0 runs, 1 hit, 1 error, 1 left on base; Tri-City 1 - Eugene 0 |
| BOTTOM OF THE 5TH |
|
Eugene Emeralds batting - Pitching for Tri-City Dust Devils : LHP David French
|
|
Batting: RHB T.J. Garrison
|
0-0: Called Strike 0-1: Ball 1-1: Ball 2-1: Ball 3-1: Called Strike 3-2: Strikes out swinging
|
|
Batting: RHB Juan Lira
|
0-0: Swinging Strike 0-1: Foul Ball, location: 2F 0-2: Ball 1-2: Foul Ball, location: 2F 1-2: Foul Ball, location: 2F 1-2: Strikes out looking
|
|
Batting: RHB Rodolfo Perez
|
0-0: Swinging Strike 0-1: Swinging Strike 0-2: Foul Ball, location: 2F 0-2: Foul Ball, location: 2F 0-2: Strikes out looking
|
| Bottom of the 5th over - 0 runs, 0 hits, 0 errors, 0 left on base; Tri-City 1 - Eugene 0 |
| TOP OF THE 6TH |
|
Tri-City Dust Devils batting - Pitching for Eugene Emeralds : RHP Victor de Leon
|
|
Batting: RHB Yuusei Narita
|
0-0: Called Strike 0-1: Fly out, F8 (Line Drive, 8LD, EV 91.2 MPH)
|
|
Batting: RHB Ken Hahn
|
0-0: Ball 1-0: SOLO HOME RUN (Flyball, 7D, EV 96.2 MPH), Distance : 358 ft
|
|
Batting: LHB Justin Rankin
|
0-0: Ball 1-0: Foul Ball, location: 2F 1-1: Ball 2-1: Foul Ball, location: 2F 2-2: Foul Ball, location: 2F 2-2: Foul Ball, location: 2F 2-2: Ball 3-2: Base on Balls
|
|
Batting: RHB Victor Contreras
|
0-0: Ball Passed Ball! Justin Rankin to second 1-0: Ball 2-0: Called Strike 2-1: DOUBLE (Line Drive, 9LM, EV 110.0 MPH) Justin Rankin scores
|
|
Pitching: LHP Alex Gandarilla
|
|
|
Batting: RHB Joel Vazquez
|
0-0: Ball 1-0: Ball 2-0: Ball 3-0: Fly out, F8 (Line Drive, 8RM, EV 90.6 MPH)
|
|
Batting: RHB Pleun Smit
|
0-0: Ball 1-0: Foul Ball, location: 2F 1-1: Foul Ball, location: 2F 1-2: Fly out, F9 (Flyball, 9LSF, EV 78.1 MPH)
|
| Top of the 6th over - 2 runs, 2 hits, 0 errors, 1 left on base; Tri-City 3 - Eugene 0 |
| BOTTOM OF THE 6TH |
|
Eugene Emeralds batting - Pitching for Tri-City Dust Devils : LHP David French
|
|
Batting: RHB Gustavo Rodriguez
|
0-0: Called Strike 0-1: Swinging Strike 0-2: Strikes out looking
|
|
Batting: RHB Hugo Torrez
|
0-0: Called Strike 0-1: Swinging Strike 0-2: Ball 1-2: Strikes out swinging
|
|
Batting: RHB Dustin Goldsborough
|
0-0: Foul Ball, location: 2F 0-1: Called Strike 0-2: Strikes out looking
|
| Bottom of the 6th over - 0 runs, 0 hits, 0 errors, 0 left on base; Tri-City 3 - Eugene 0 |
| TOP OF THE 7TH |
|
Tri-City Dust Devils batting - Pitching for Eugene Emeralds : LHP Alex Gandarilla
|
|
Batting: LHB Paul Collins
|
0-0: Foul Ball, location: 2F 0-1: Ball 1-1: Ball 2-1: Swinging Strike 2-2: Strikes out swinging
|
|
Batting: RHB Ben Hoffman
|
0-0: Called Strike 0-1: Foul Ball, location: 2F 0-2: Foul Ball, location: 2F 0-2: Ball 1-2: Strikes out swinging
|
|
Batting: SHB Cesar Arteaga
|
0-0: Ball 1-0: SINGLE (Groundball, 34D, EV 96.9 MPH)
|
|
Batting: RHB Yuusei Narita
|
0-0: Ball 1-0: Foul Ball, location: 2F 1-1: Called Strike 1-2: Ball 2-2: Fielders Choice at 2nd, 6-4 (Groundball, 56, EV 110.0 MPH)
|
| Top of the 7th over - 0 runs, 1 hit, 0 errors, 1 left on base; Tri-City 3 - Eugene 0 |
| BOTTOM OF THE 7TH |
|
Eugene Emeralds batting - Pitching for Tri-City Dust Devils : LHP David French
|
|
Batting: RHB Jorge Lagunas
|
0-0: Foul Ball, location: 2F 0-1: Called Strike 0-2: Foul Ball, location: 2F 0-2: Strikes out swinging
|
|
Batting: RHB Bartolo Aguilar
|
0-0: Foul Ball, location: 2F 0-1: Ball 1-1: Ball 2-1: Swinging Strike 2-2: Ball 3-2: Strikes out swinging
|
|
Batting: RHB Mike Larson
|
0-0: Reached on error, E6 (Groundball, 6, EV 81.2 MPH)
|
|
Batting: RHB T.J. Garrison
|
0-0: Ball 1-0: Ball 2-0: Ball 3-0: Base on Balls Mike Larson to second
|
|
Batting: RHB Juan Lira
|
0-0: Swinging Strike 0-1: Called Strike 0-2: Strikes out swinging
|
| Bottom of the 7th over - 0 runs, 0 hits, 1 error, 2 left on base; Tri-City 3 - Eugene 0 |
| TOP OF THE 8TH |
|
Tri-City Dust Devils batting - Pitching for Eugene Emeralds : LHP Alex Gandarilla
|
|
Batting: RHB Ken Hahn
|
0-0: Ball 1-0: Foul Ball, location: 2F 1-1: Foul Ball, location: 2F 1-2: Strikes out swinging
|
|
Batting: LHB Justin Rankin
|
0-0: Called Strike 0-1: Ball 1-1: Foul Ball, location: 2F 1-2: Ball 2-2: Foul Ball, location: 2F 2-2: Ball 3-2: Strikes out swinging
|
|
Batting: RHB Victor Contreras
|
0-0: SINGLE (Line Drive, 9S, EV 90.0 MPH)
|
|
Batting: RHB Joel Vazquez
|
0-0: Fielders Choice at 2nd, 6-4 (Groundball, 6, EV 88.1 MPH)
|
| Top of the 8th over - 0 runs, 1 hit, 0 errors, 1 left on base; Tri-City 3 - Eugene 0 |
| BOTTOM OF THE 8TH |
|
Eugene Emeralds batting - Pitching for Tri-City Dust Devils : LHP David French
|
|
Pitching: RHP Chris Haselhorst
|
|
|
Batting: RHB Rodolfo Perez
|
0-0: Foul Ball, location: 2F 0-1: Ball 1-1: Foul Ball, location: 2F 1-2: Ball 2-2: Strikes out looking
|
|
Batting: RHB Gustavo Rodriguez
|
0-0: Called Strike 0-1: Ball 1-1: Foul Ball, location: 2F 1-2: Ball 2-2: Strikes out swinging
|
|
Batting: RHB Hugo Torrez
|
0-0: Foul Ball, location: 2F 0-1: Foul Ball, location: 2F 0-2: Strikes out looking
|
| Bottom of the 8th over - 0 runs, 0 hits, 0 errors, 0 left on base; Tri-City 3 - Eugene 0 |
| TOP OF THE 9TH |
|
Tri-City Dust Devils batting - Pitching for Eugene Emeralds : LHP Alex Gandarilla
|
|
Batting: RHB Pleun Smit
|
0-0: Ball 1-0: Ball 2-0: Ball 3-0: Called Strike 3-1: Called Strike 3-2: Base on Balls
|
|
Batting: LHB Paul Collins
|
0-0: Ball 1-0: Foul Ball, location: 2F 1-1: Ball Balk! Pleun Smit to second 2-1: Ball 3-1: SINGLE (Groundball, P, EV 79.4 MPH) (infield hit) Pleun Smit to third
|
|
Batting: RHB Ben Hoffman
|
0-0: Ball 1-0: SINGLE (Line Drive, 56, EV 111.2 MPH) Pleun Smit scores Paul Collins to second
|
|
Batting: SHB Cesar Arteaga
|
0-0: Ball 1-0: Ball 2-0: Swinging Strike 2-1: Foul Ball, location: 2F 2-2: 3-RUN HOME RUN (Flyball, 78XD, EV 98.8 MPH), Distance : 392 ft
|
|
Batting: RHB Yuusei Narita
|
0-0: Ball 1-0: Called Strike 1-1: Ball 2-1: Ball 3-1: Base on Balls
|
|
Pinch Hitting: LHB Ryan Anderson
|
0-0: Called Strike 0-1: Ball 1-1: Ball 2-1: Foul Ball, location: 2F 2-2: Foul Ball, location: 2F 2-2: 2-RUN HOME RUN (Flyball, 78XD, EV 101.2 MPH), Distance : 390 ft
|
|
Pinch Hitting: LHB Bobby Gambrell
|
0-0: Ball 1-0: Ball 2-0: Ball 3-0: Base on Balls
|
|
Batting: RHB Victor Contreras
|
0-0: Swinging Strike 0-1: Ball 1-1: Called Strike 1-2: Foul Ball, location: 2F 1-2: Ball 2-2: Ball 3-2: Base on Balls Bobby Gambrell to second
|
|
Pinch Hitting: SHB Sean Hill
|
0-0: Ball 1-0: Ball 2-0: Ball 3-0: Base on Balls Bobby Gambrell to third Victor Contreras to second
|
|
Batting: RHB Pleun Smit
|
0-0: Foul Ball, location: 2F 0-1: Ball 1-1: Ball 2-1: Foul Ball, location: 2F 2-2: Strikes out swinging
|
|
Batting: LHB Paul Collins
|
0-0: Called Strike 0-1: Ball 1-1: Called Strike 1-2: Foul Ball, location: 2F 1-2: Ball 2-2: Ball 3-2: Strikes out swinging
|
|
Batting: RHB Ben Hoffman
|
0-0: SINGLE (Groundball, 56S, EV 62.5 MPH) (infield hit) Bobby Gambrell scores Victor Contreras to third Sean Hill to second
|
|
Batting: SHB Cesar Arteaga
|
0-0: Ball 1-0: Ball 2-0: Ball 3-0: Ground out 1-3 (Groundball, 15S, EV 75.6 MPH)
|
| Top of the 9th over - 7 runs, 5 hits, 0 errors, 3 left on base; Tri-City 10 - Eugene 0 |
| BOTTOM OF THE 9TH |
|
Eugene Emeralds batting - Pitching for Tri-City Dust Devils : RHP Chris Haselhorst
|
|
Now at C: Ryan Anderson
|
|
|
Now at 1B: Sean Hill
|
|
|
Now at 3B: Bobby Gambrell
|
|
|
Now in RF: Paul Collins
|
|
|
Batting: RHB Dustin Goldsborough
|
0-0: Called Strike 0-1: Ball 1-1: Swinging Strike 1-2: Strikes out looking
|
|
Batting: RHB Jorge Lagunas
|
0-0: Ball 1-0: Foul Ball, location: 2F 1-1: Swinging Strike 1-2: Strikes out swinging
|
|
Batting: RHB Bartolo Aguilar
|
0-0: Ball 1-0: Ball 2-0: Called Strike 2-1: Called Strike 2-2: Strikes out swinging
|
| Bottom of the 9th over - 0 runs, 0 hits, 0 errors, 0 left on base; Tri-City 10 - Eugene 0 |
|